 Dungeon Crawl Stone Soup version 0.19-a0-1735-g048f9dc (webtiles) character file.

35 Canardh the Sneak (level 3, 0/16 HPs)
             Began as a Spriggan Enchanter on Sept 30, 2016.
             Was a Follower of Uskayaw.
             Succumbed to an adder's poison
             ... on level 2 of the Dungeon.
             The game lasted 00:12:48 (1391 turns).

Canardh the Sneak (Spriggan Enchanter)              Turns: 1391, Time: 00:12:49

Health: 0/16       AC:  3    Str:  4    XL:     3   Next: 16%
Magic:  2/8        EV: 18    Int: 21    God:    Uskayaw [*.....]
Gold:   133        SH:  0    Dex: 17    Spells: 3 memorised, 2 levels left

rFire  . . .     SeeInvis +     a - +1 dagger
rCold  . . .     Gourm    .     b - +1 robe
rNeg   . . .     Faith    .     (shield restricted)
rPois  .         Spirit   .     (helmet restricted)
rElec  .         Dismiss  .     (no cloak)
rCorr  .         Reflect  .     (gloves unavailable)
MR     .....     Harm     .     (boots unavailable)
Stlth  +++.......               e - amulet of rage
                                (no ring)
                                (no ring)

@: brilliant, lethally poisoned (0 -> -6), very slightly contaminated, hasted,
very quick
A: unfitting armour, see invisible, herbivore 3, speed 3, slow metabolism 2
a: Stomp, Renounce Religion, Evoke Berserk Rage


You were on level 2 of the Dungeon.
You worshipped Uskayaw.
Uskayaw was noncommittal.
You were not hungry.

You visited 1 branch of the dungeon, and saw 2 of its levels.

You collected 133 gold pieces.

Inventory:

Hand Weapons
 a - a +1 dagger (weapon)
Armour
 b - a +1 robe (worn)
Jewellery
 e - an amulet of rage (around neck)
Scrolls
 f - 2 scrolls of identify
 g - a scroll of noise
 j - a scroll of teleportation {unknown}
 k - a scroll of remove curse {unknown}
Books
 c - a book of Maledictions

   Spells                             Type                      Level
   a - Corona                         Hexes                        1
   b - Ensorcelled Hibernation        Hexes/Ice                    2
   c - Confuse                        Hexes                        3
   d - Tukima's Dance                 Hexes                        3
   e - Dazzling Spray                 Conjuration/Hexes            3
Comestibles
 d - a bread ration


   Skills:
 + Level 1.1 Short Blades
 + Level 3.1 Dodging
 + Level 5.3 Stealth
 + Level 3.0 Spellcasting
 + Level 4.3 Hexes
 + Level 0.1 Ice Magic


You had 2 spell levels left.
You knew the following spells:

 Your Spells              Type           Power        Failure   Level  Hunger
a - Corona                Hex            ####...      1%          1    None
b - Ensorcelled Hibernat  Hex/Ice        ####..       1%          2    ##.....
c - Confuse               Hex            ####....     1%          3    ###....


Dungeon Overview and Level Annotations

Branches:
Dungeon (2/15)

Altars:
Elyvilon
Trog
Uskayaw
Vehumet


Innate Abilities, Weirdness & Mutations

You are very small and have problems with some larger weapons.
You are too small for most types of armour.
You have supernaturally acute eyesight. (SInv)
You are a herbivore.
You cover ground extremely quickly.
You need consume almost no food.


Message History

The adder is heavily wounded.
The adder barely misses you.
You hit the adder.
The adder is heavily wounded.
The adder bites you.
* * * LOW HITPOINT WARNING * * *
You are lethally poisoned!
The adder poisons you!
Your magical contamination has completely faded away.
It was a potion of haste.
You feel yourself speed up.
* * * LOW HITPOINT WARNING * * *
You feel sick. The adder misses you. The adder closely misses you.
You are very lightly contaminated with residual magic.
You see here a bat skeleton.
* * * LOW HITPOINT WARNING * * *
You feel sick.
You see here a goblin skeleton.
It was a potion of brilliance.
You feel clever all of a sudden.
You die...

## #.........♣#.._ .# #
..........)<..#... .. #.
#.###..###.##..... .# #. #..
...#........## ..
#..#.###.##.#.####..♣
.############..#..##.##.#......#.
....>....... ....................
.##.)####### #.#..##)#####.##....
.##..#########.#@.##........#...K
###......[.......................
###.##########.#..########....##.
....######## #.#..########....#..
............ . #S.#.÷..K>...).#..
....############..#S#####.#......
....#.....÷.....÷.#.#####.#...#..
..........####.........##.#[....[
..........# #................#..


You could see an adder.

Vanquished Creatures
  A dart slug (D:1)
  A leopard gecko (D:1)
  5 bats
  2 giant cockroaches (D:1)
  5 goblins
  5 hobgoblins
  2 frilled lizards (D:1)
  3 kobolds
  6 rats
30 creatures vanquished.

Notes
Turn   | Place    | Note
-------+----------+-------------------------------------------
     0 | D:1      | Canardh the Spriggan Enchanter began the quest for the Orb.
     0 | D:1      | Reached XP level 1. HP: 9/9 MP: 5/5
   213 | D:1      | Reached XP level 2. HP: 13/13 MP: 4/6
   217 | D:1      | Learned a level 2 spell: Ensorcelled Hibernation
   420 | D:1      | Reached skill level 5 in Stealth
  1067 | D:2      | Found a bloodstained altar of Trog.
  1071 | D:2      | Reached XP level 3. HP: 15/16 MP: 0/8
  1150 | D:2      | Learned a level 3 spell: Confuse
  1165 | D:2      | Found a hide-covered altar of Uskayaw.
  1165 | D:2      | Found a radiant altar of Vehumet.
  1189 | D:2      | Found a white marble altar of Elyvilon.
  1214 | D:2      | Became a worshipper of Uskayaw the Reveler
  1365 | D:2      | Reached * piety under Uskayaw
  1391 | D:2      | Succumbed to an adder's poison

Vault maps used:
D:1:      dpeg_arrival_pits, minmay_misc_feat_enclosed, feat_on_display
D:2:      nicolae_overflow_quartered_altars, minmay_tetromino_i2

Skill      XL: |  1  2 |
---------------+-------+-----
Hexes          | 4 |  4.3
Stealth        | 5 |  5.3
Spellcasting   | 3 |  3.0
Short Blades   | |  1.1
Dodging        | |  3.1
Ice Magic      | |  0.1

Action                   || total
-------------------------++-------
Melee: Dagger            ||    70
 Cast: Corona            ||    10
       Ensorcelled Hiber ||    23
  Use: Scroll            ||     1
       Potion            ||     2
 Stab: Sleeping          ||    19
Armor: Robe              ||     8
Dodge: Dodged            ||    61
